 Dungeon Crawl Stone Soup version 0.31-a0-1591-g515db51633 (webtiles) character file.

Game seed: 5681716230377298256

471 Atlas the Ruffian (level 6, 0/55 HPs)
             Began as a Troll Shapeshifter on Jan 6, 2024.
             Slain by a gnoll
             ... wielding a +0 halberd
             ... led by a gnoll bouda
              (6 damage)
             ... on level 4 of the Dungeon.
             The game lasted 00:02:29 (2520 turns).

Atlas the Ruffian (Troll Shapeshifter)              Turns: 2520, Time: 00:02:29

Health: 0/55       AC:  4    Str: 25    XL:     6   Next: 83%
Magic:  5/5        EV: 10    Int:  6    God:
Gold:   145        SH:  0    Dex:  9    Spells: 5/5 levels left

rFire   . .          .
                       - Unarmed
rCold   . . .        (no shield)
rNeg    . . .        a - +0 animal skin
rPois   .            (helmet currently unavailable)
rElec   .            (cloak currently unavailable)
rCorr   .            (gloves unavailable)
SInv    .            (boots unavailable)
Will    .....        (no amulet)
Stlth   +            (no ring)
HPRegen 1.09/turn    (no ring)
MPRegen 0.09/turn

%: no passive effects
@: beast-form, invisible
A: beast (slay +2), large, unfitting armour, claws 3, regeneration 1, shaggy fur
1, tough skin 1
a: Begin Untransformation


You were on level 4 of the Dungeon.
You were a hulking beast.
You visited 1 branch of the dungeon, and saw 4 of its levels.

You collected 145 gold pieces.

Inventory:

Armour
 a - a +0 animal skin (worn)
Talismans
 c - a beast talisman
 d - a flux talisman
Scrolls
 e - a scroll of blinking {unknown}
 f - 3 scrolls of identify {unknown}
 h - 2 scrolls of vulnerability {unknown}
 k - a scroll of teleportation {unknown}
 l - 3 scrolls of immolation {unknown}
Potions
 b - a potion of lignification
 g - 2 potions of mutation {unknown}
 i - a potion of invisibility
 j - a potion of magic {unknown}
 m - a potion of brilliance {unknown}
 n - 2 potions of haste {unknown}
 o - a potion of enlightenment {unknown}


   Skills:
 + Level 1.2 Fighting
 + Level 2.5 Dodging
 + Level 0.9 Stealth
 + Level 5.2 Unarmed Combat
 * Level 5.1 Shapeshifting


You had 5 spell levels left.
You didn't know any spells.
Your spell library contained the following spells:

 Spells                   Type           Power      Damage    Failure   Level
 Apportation              Tloc           0%         N/A       45%         1
 Magic Dart               Conj           0%         1d3       45%         1
 Call Imp                 Summ           0%         N/A       58%         2
 Ensorcelled Hibernation  Hex/Ice        0%         N/A       58%         2
 Jinxbite                 Hex            0%         N/A       58%         2
 Searing Ray              Conj           0%         2d4       58%         2
 Sublimation of Blood     Necr           0%         N/A       58%         2
 Dazzling Flash           Conj/Hex       0%         N/A       83%         3
 Fugue of the Fallen      Necr           0%         N/A       83%         3
 Mephitic Cloud           Conj/Alch/Air  0%         N/A       83%         3
 Anguish                  Hex/Necr       0%         N/A       99%         4
 Fulminant Prism          Conj/Alch      0%         3d5       99%         4
 Alistair's Intoxication  Alch           0%         N/A       100%        5
 Curse of Agony           Necr           0%         N/A       100%        5
 Silence                  Hex/Air        0%         N/A       100%        5
 Summon Hydra             Summ           0%         N/A       100%        7


Dungeon Overview and Level Annotations

Branches:
Dungeon (4/15)
 Temple: D:4-7

Altars:
Xom

Shops:
D:3 =


Innate Abilities, Weirdness & Mutations

You are a hulking beast.
Your limbs bulge with bestial killing power. (Slay +2)
You are too large for most types of armour.
You have claws for hands.
Your natural rate of healing is unusually fast.
You are covered in fur. (AC +1)
You have tough skin. (AC +1)


Message History

The gnoll is almost dead.
The gnoll closely misses you.
You scratch the gnoll.
You kill the gnoll!
The gnoll bouda barks out a call to the hunt!
The gnoll picks up the pace!
You scratch the gnoll.
The gnoll is moderately wounded.
The gnoll hits you with a +0 flail!
The hobgoblin hits you but does no damage.
You barely miss the gnoll.
The gnoll is moderately wounded.
The gnoll closely misses you. The gnoll hits you with a +0 flail.
The hobgoblin hits you but does no damage.
The gnoll bouda gazes fiercely through you!
You feel your attacks grow feeble.
You are too injured to fight recklessly!
You are too injured to fight recklessly!
You are too injured to fight recklessly!
You are too injured to fight recklessly!
You are too injured to fight recklessly!
The gnoll attacks as it pursues you! The gnoll hits you with a +0 flail!
The hobgoblin attacks as it pursues you!
The hobgoblin completely misses you.
The gnoll bouda barks out a call to the hunt!
The gnoll picks up the pace!
The gnoll barely misses you. The gnoll attacks as it pursues you!
The gnoll hits you from afar with a +0 halberd!
* * * LOW HITPOINT WARNING * * *
Your attacks no longer feel as feeble.
The gnoll attacks as it pursues you! The gnoll hits you with a +0 flail.
* * * LOW HITPOINT WARNING * * *
The gnoll attacks as it pursues you!
The gnoll hits you from afar with a +0 halberd.
* * * LOW HITPOINT WARNING * * *
It was a potion of invisibility.
You fade into invisibility!
The gnoll hits you from afar with a +0 halberd.
You die...

.......# ..
......#
#'####.....#
≈≈≈≈≈#.....#
≈...≈≈.g...#
.°...≈.....#
.§§..~..g..#
.§○..≈...g.#
≈...≈≈.†hg.#
≈≈≈≈≈#..<..#
.....+...$.+
#..$ #.....#
#### #.....#
#.....#
#.....#
#.....#
+.....#


You could see a gnoll bouda (unable to see you), 2 gnolls and a hobgoblin
(unable to see you).

Vanquished Creatures
  A scorpion (D:4)
  A killer bee (D:3)
  A bombardier beetle (D:4)
  Crazy Yiuf (D:3)
  2 jellies
  Natasha (thrice) (D:2)
  An orc wizard (D:3)
  5 adders (D:3)
  2 gnolls (D:4)
  2 dart slugs
  2 ribbon worms
  8 orcs (D:3)
  12 ball pythons
  9 bats
  7 endoplasms
  2 giant cockroaches
  3 goblins
  3 hobgoblins
  4 kobolds
  2 frilled lizards (D:1)
  6 rats
77 creatures vanquished.

Vanquished Creatures (others)
  A ball python (D:4)
1 creature vanquished.

Grand Total: 78 creatures vanquished

Notes
Turn   | Place    | Note
-------+----------+-------------------------------------------
     0 | D:1      | Atlas the Troll Shapeshifter began the quest for the Orb.
     0 | D:1      | Reached XP level 1. HP: 18/18 MP: 0/0
   182 | D:1      | Reached XP level 2. HP: 26/26 MP: 1/1
   730 | D:2      | Noticed Natasha
   736 | D:2      | Killed Natasha
   737 | D:2      | Reached XP level 3. HP: 27/32 MP: 2/2
   774 | D:2      | Noticed Natasha
   779 | D:2      | Killed Natasha
   780 | D:2      | Reached XP level 4. HP: 37/40 MP: 3/3
   903 | D:2      | Noticed Natasha
   906 | D:2      | Killed Natasha
  1048 | D:2      | Reached XP level 5. HP: 46/46 MP: 4/4
  1164 | D:2      | Identified the +5 whip "Cecra" {venom, *Slow Int+4 Dex+2}
  1521 | D:3      | Found Erun Vid's Jewellery Emporium.
  1834 | D:3      | Found a runed translucent door.
  1835 | D:3      | Noticed Crazy Yiuf
  2071 | D:3      | Reached skill level 1 in Fighting
  2392 | D:3      | Killed Crazy Yiuf
  2393 | D:3      | Reached XP level 6. HP: 47/55 MP: 5/5
  2408 | D:3      | Identified the +7 hammer of the Dwarven Hall {protect,
                  | Dex+3}
  2454 | D:4      | Found a shimmering altar of Xom.
  2498 | D:4      | Reached skill level 5 in Unarmed Combat
  2498 | D:4      | Reached skill level 5 in Shapeshifting
  2520 | D:4      | Slain by a gnoll

Illustrated notes

Levels and vault maps discovered:
D:1:      beargit_arrival_greenhouse, layout_basic, skrybe_limestone_x,
          grunt_decor_clamped, hex_intersection, minivault_27,
          palyth_stone_intersect
D:2:      layout_loops_ring, uniq_natasha
D:3:      layout_loops_ring, serial_shops, shop, serial_rivers,
          chequers_serial_rivers_micro_a, chequers_serial_rivers_room_b,
          chequers_serial_rivers_marsh, chequers_serial_rivers_marsh,
          minmay_snake_closets, uniq_crazy_yiuf_cottage
D:4:      layout_gridville, grunt_temple_overflow_open, fiery_altar_vehumet,
          xom_confusion_cloud, jmf_multi_god_temple2,
          minmay_temple_entry_stoned_glass

Skill      XL: |  1  2  3  4  5  6 |
---------------+-------------------+-----
Shapeshifting  | 4 5 |  5.1
Dodging        | 2 |  2.5
Unarmed Combat | 4 5 |  5.2
Fighting       | 1 |  1.2
Stealth        | |  0.9

Action                     |  1- 3 |  4- 6 || total
---------------------------+-------+-------++-------
  Melee: Unarmed           |    58 |   136 ||   194
         Punch             |     1 |     8 ||     9
    Use: Potion            |       |     1 ||     1
   Stab: Sleeping          |     1 |     3 ||     4
 Armour: Animal skin       |    39 |    80 ||   119
  Dodge: Dodged            |    31 |    60 ||    91

Table legend: (Time is in decaauts)
 A = Elapsed time spent in this place.
 B = Non-inter-level travel time spent in this place.
 C = Inter-level travel time spent in this place.
 D = Time resting spent in this place.
 E = Time spent auto-exploring this place.
 F = Levels seen in this place.
 G = Mean time per level.
                   A        B        C        D        E       F      G
               +--------+--------+--------+--------+--------+-----+--------+
         Total |   2506 |   2443 |     63 |      0 |   2017 |   4 |  626.5 |
       Dungeon |   2506 |   2443 |     63 |      0 |   2017 |   4 |  626.5 |
               +--------+--------+--------+--------+--------+-----+--------+

Top non-repeatable levels by time:
     D:3: 1037 daAuts
     D:2: 732 daAuts
     D:1: 703 daAuts
     D:4: 34 daAuts
